 Dungeon Crawl Stone Soup version 0.23.2-1-ga50397a (webtiles) character file.

Game seed: 8083817485372636399

65 pTCGFNYNwU3Fd6TS the Skirmisher (level 3, -3/37 HPs)
             Began as a Troll Berserker on June 2, 2019.
             Was a Believer of Trog.
             Killed by divine providence
             ... invoked by an orc priest
              (15 damage)
             ... on level 3 of the Dungeon.
             The game lasted 00:09:47 (2125 turns).

pTCGFNYNwU3Fd6TS the Skirmisher (Troll Berserker)   Turns: 2125, Time: 00:09:48

Health: -3/37      AC:  6    Str: 26    XL:     3   Next: 94%
Magic:  2/2        EV: 10    Int:  3    God:    Trog [**....]
Gold:   152        SH:  0    Dex:  9    Spells: 2/2 levels left

rFire    . . .     SeeInvis .   a - +0 mace
rCold    . . .     Gourm    +   (no shield)
rNeg     . . .     Faith    .   b - +0 animal skin
rPois    .         Spirit   .   (helmet restricted)
rElec    .         Reflect  .   (no cloak)
rCorr    .         Harm     .   (gloves unavailable)
MR       ++...                  (boots unavailable)
Stlth    +.........             (no amulet)
HPRegen  1.52/turn              (no ring)
MPRegen  0.08/turn              (no ring)

@: regenerating
A: large, unfitting armour, claws 3, fast metabolism 3, gourmand, regeneration
1, shaggy fur 1, tough skin 3
a: Berserk, Trog's Hand, Renounce Religion


You were on level 3 of the Dungeon.
You worshipped Trog.
Trog was pleased with you.
You were not hungry.

You visited 1 branch of the dungeon, and saw 4 of its levels.

You collected 152 gold pieces.

Inventory:

Hand Weapons
 a - a +0 mace (weapon)
Armour
 b - a +0 animal skin (worn)
Scrolls
 e - 5 scrolls of remove curse {unknown}
 l - 2 scrolls of identify {unknown}
 n - a scroll of enchant armour {unknown}
Potions
 d - a potion of magic {unknown}
 f - a potion of degeneration {unknown}
 g - a potion of curing {unknown}
 h - a potion of heal wounds {unknown}
 i - a potion of brilliance {unknown}
 j - a potion of haste {unknown}
 k - a potion of lignification {unknown}
 m - 2 potions of flight {unknown}
Comestibles
 c - 9 rations


   Skills:
 * Level 3.3 Fighting
 + Level 3.1 Maces & Flails
 + Level 2.9 Dodging


You had 2 spell levels left.
You didn't know any spells.
Your spell library was empty.

Dungeon Overview and Level Annotations

Branches:
Dungeon (4/15)
 Temple: D:4-7

Altars:
Okawaru


Innate Abilities, Weirdness & Mutations

You are too large for most types of armour.
You have claws for hands.
Your metabolism is lightning-fast.
You like to eat raw meat.
Your natural rate of healing is unusually fast.
You are covered in fur. (AC +1)
You have extremely tough skin. (AC +3)


Message History

You hit the orc.
The orc is heavily wounded.
The orc hits you with a +0 flail.
You hit the orc but do no damage.
The orc is heavily wounded.
The orc hits you but does no damage.
The orc priest calls down the wrath of Beogh upon you.
Beogh smites you!
* * * LOW HITPOINT WARNING * * *
Your skin crawls.
You feel resistant to hostile enchantments.
You feel somewhat more hungry. The orc hits you but does no damage.
You barely miss the orc.
The orc is heavily wounded.
The orc closely misses you.
You hit the orc but do no damage.
The orc is heavily wounded.
The orc priest mumbles some strange prayers to Beogh against you.
Beogh smites you!
You die...

#.# #....###..# #.#
#.........# .#
#######...####.#
.........## #.#
########..# #.#
#...>###..#####.##
#.##.........)รท...
#.######..#####.##
#@# #........# #o#
##.####### #o# #.#
#h# #.# #o# #.# #.#
#.# #.# #.#


You could see an orc priest, 2 orcs and a jackal.

Vanquished Creatures
  An adder (D:2)
  2 oozes (D:2)
  2 dart slugs (D:2)
  2 orcs (D:3)
  3 giant cockroaches
  5 goblins
  4 hobgoblins
  4 jackals
  A quokka (D:2)
  2 bats
  4 frilled lizards
  8 kobolds
  4 rats
42 creatures vanquished.

Notes
Turn   | Place    | Note
-------+----------+-------------------------------------------
     0 | D:1      | pTCGFNYNwU3Fd6TS the Troll Berserker began the quest for
                  | the Orb.
     0 | D:1      | Reached XP level 1. HP: 22/22 MP: 0/0
   294 | D:1      | Reached XP level 2. HP: 24/29 MP: 1/1
   921 | D:2      | Reached XP level 3. HP: 37/37 MP: 2/2
  1021 | D:2      | Reached ** piety under Trog
  1211 | D:2      | Found an iron altar of Okawaru.
  2091 | D:4      | Noticed a scorpion
  2125 | D:3      | Killed from afar by an orc priest

Skill      XL: |  1  2 |
---------------+-------+-----
Maces & Flails | 3 |  3.1
Fighting       | 3 |  3.3
Dodging        | |  2.9

Action                   || total
-------------------------++-------
Melee: Mace              ||   148
Invok: Trog's Hand       ||     1
  Eat: Chunk             ||    18
Armor: Animal skin       ||    76
Dodge: Dodged            ||   107
